 Dungeon Crawl Stone Soup version 0.16-a0-3472-g5ce0ac0 (webtiles) character file.

115021 PolkaDot the Summoner (level 16, -1/122 HPs)
             Began as a Vampire Summoner on Jan 2, 2015.
             Was the Champion of Sif Muna.
             Shot with a bolt by a naga sharpshooter (15 damage)
             ... on level 3 of the Snake Pit on Jan 3, 2015.
             The game lasted 02:47:48 (37935 turns).

PolkaDot the Summoner (Vampire Summoner)           Turns: 37935, Time: 02:47:49

Health: -1/122     AC: 18    Str:  7    XL:     16   Next: 17%
Magic:  15/26      EV: 17    Int: 27    God:    Sif Muna [******]
Gold:   2218       SH:  0    Dex: 17    Spells: 8 memorised, 1 level left

rFire  . . .     SeeInvis +     a - +5 lajatang (vamp)
rCold  + + .     Clarity  .     B - +3 troll leather armour
rNeg   + + +     SustAb   .     (no shield)
rPois  ∞         Gourm    .     k - +2 helmet {Int+3}
rElec  .         Spirit   .     V - +2 cloak {+Inv}
rCorr  .         Warding  .     b - +0 pair of gloves {Dex+3}
rMut   .         Stasis   .     s - +2 pair of boots
MR     +....                    q - amulet of faith
Stlth  +++.......               E - +3 ring of evasion
                                g - ring of wizardry

@: lethally poisoned, very slightly contaminated, bloodless, non-regenerating,
somewhat resistant to hostile enchantments, fairly stealthy
A: bottle blood, fangs 3, hooves 1, see invisible, clever 1, unbreathing
a: Bat Form, Channel Energy, Forget Spell, Renounce Religion, Evoke Invisibility


You were on level 3 of the Snake Pit.
You worshipped Sif Muna.
Sif Muna was exalted by your worship.
You were bloodless.

You visited 4 branches of the dungeon, and saw 30 of its levels.

You collected 2454 gold pieces.
You spent 236 gold pieces at shops.

Inventory:

Hand weapons
 a - a +5 vampiric lajatang (weapon)
Missiles
 o - 3 throwing nets (quivered)
Armour
 b - a +0 pair of gloves of dexterity (worn)
 k - a +2 helmet of intelligence (worn)
 s - a +2 pair of boots (worn)
 B - a +3 troll leather armour (worn)
 V - a +2 cloak of invisibility (worn)
Jewellery
 g - a ring of wizardry (left hand)
 l - an uncursed amulet of clarity {unknown}
 q - an amulet of faith (around neck)
 v - an uncursed amulet of rage {unknown}
 E - a +3 ring of evasion (right hand)
 F - an uncursed ring of protection from cold
 Z - a cursed amulet of inaccuracy {unknown}
Magical devices
 c - a wand of cold (0)
 n - a wand of draining (0)
 p - a wand of random effects (17)
 x - a wand of heal wounds (0)
 A - a wand of draining (2)
 K - a wand of slowing (26)
 Q - a wand of draining (4)
Scrolls
 h - a scroll of torment {unknown}
 i - 7 scrolls of remove curse
 m - 5 scrolls of teleportation
 r - 2 scrolls of magic mapping
 u - 3 scrolls of immolation
 y - 2 scrolls of recharging
 z - a scroll of vulnerability
 J - 4 scrolls of amnesia
 O - 3 scrolls of blinking
 U - 3 scrolls of fear
Potions
 j - a potion of brilliance
 t - a potion of might
 w - 4 potions of restore abilities
 C - a potion of haste
 D - a potion of berserk rage
 G - a potion of invisibility
 L - 4 potions of cancellation
 M - a potion of magic
 N - a potion of experience {unknown}
 P - 2 potions of curing
 R - a potion of flight
 S - a potion of cure mutation {!q}
 T - a potion of blood {@*1}
Books
 d - Sif Muna's Guide on Quantum Self-Improvement {god gift}
   (Sif Muna gifted it to you on level 1 of the Snake Pit)

   Spells                             Type                      Level
   a - Infusion                       Charms                       1
   b - Shroud of Golubria             Charms/Translocation         2
   c - Control Teleport               Charms/Translocation         4
   d - Iskenderun's Battlesphere      Conjuration/Charms           5
   e - Deflect Missiles               Charms/Air                   6
 e - Sif Muna's Grimoire of Supportive Augmentations {god gift}
   (Sif Muna gifted it to you on level 8 of the Lair of Beasts)

   Spells                             Type                      Level
   a - Infusion                       Charms                       1
   b - Summon Butterflies             Summoning                    1
   c - Swiftness                      Charms/Air                   2
   d - Sure Blade                     Hexes/Charms                 2
   e - Haste                          Charms                       6
   f - Aura of Abjuration             Summoning                    6
 f - a book of Beasts

   Spells                             Type                      Level
   a - Summon Butterflies             Summoning                    1
   b - Call Canine Familiar           Summoning                    3
   c - Summon Ice Beast               Ice/Summoning                4
   d - Summon Mana Viper              Hexes/Summoning              5
   e - Monstrous Menagerie            Summoning                    6
   f - Summon Hydra                   Summoning                    7
 I - a book of Enchantments

   Spells                             Type                      Level
   a - Tukima's Dance                 Hexes                        3
   b - Cause Fear                     Hexes                        4
   c - Silence                        Hexes/Air                    5
   d - Deflect Missiles               Charms/Air                   6
   e - Haste                          Charms                       6
   f - Discord                        Hexes                        8
 W - a book of Geomancy

   Spells                             Type                      Level
   a - Sandblast                      Earth                        1
   b - Stoneskin                      Transmutation/Earth          2
   c - Passwall                       Transmutation/Earth          3
   d - Stone Arrow                    Conjuration/Earth            3
   e - Petrify                        Transmutation/Earth          4
   f - Lee's Rapid Deconstruction     Earth                        5


   Skills:
 + Level 10.1 Fighting
   Level 3.8 Short Blades
   Level 3.4(10.6) Polearms
 - Level 13.9(14.0) Staves
 - Level 4.9 Armour
 - Level 5.0 Dodging
 - Level 5.0 Stealth
 * Level 4.1 Spellcasting
 - Level 7.6 Charms
 + Level 14.5 Summonings
 - Level 5.3 Translocations
 - Level 5.1 Ice Magic
 - Level 7.4 Air Magic


You had one spell level left.
You knew the following spells:

 Your Spells              Type           Power        Failure   Level  Hunger
a - Apportation           Tloc           ####......   1%          1    None
b - Summon Butterflies    Summ           ######..     1%          1    None
c - Control Teleport      Chrm/Tloc      #####.....   2%          4    ####...
d - Call Canine Familiar  Summ           ######..     1%          3    ##.....
i - Summon Ice Beast      Ice/Summ       ######..     1%          4    ####...
q - Blink                 Tloc           N/A          1%          2    None
s - Shadow Creatures      Summ           N/A          1%          5    #####..
D - Repel Missiles        Chrm/Air       #####.       1%          2    None


Dungeon Overview and Level Annotations

Branches:
Dungeon (15/15)            Temple (0/1) D:6            Lair (8/8) D:11
 Shoals (0/5) Lair:3        Snake (3/5) Lair:6        Slime (0/6) Lair:8
    Orc (4/4) D:9             Elf (0/3) Orc:3        Vaults (0/5) D:14
 Depths (0/5) D:15

Altars:
Elyvilon
Fedhas
Makhleb
Nemelex Xobeh
Qazlal
Sif Muna
Trog
Vehumet
Yredelemnul
The Shining One

Shops:
D:6 !   D:8 =   D:11 [   D:12 (

Annotations:
D:8 exclusion: ice statue
D:10 exclusion: oklob plant
Snake:3 exclusion: Roxanne, Roxanne


Innate Abilities, Weirdness & Mutations

You do not heal naturally.
You can bottle blood from corpses.
You have razor-sharp teeth.
You have supernaturally acute eyesight.
You can survive without breathing.
You have large cloven feet.
Your mind is acute. (Int +2)


Message History

Okay, then.
Casting: Summon Ice Beast
Confirm with . or Enter, or press ? or * to list all spells.
You escape the naga warrior's grasp.
You blink.
Your ice beast hits the naga but does no damage.
The naga sharpshooter shoots a bolt.
The bolt misses you.
Your ice beast hits the naga warrior but does no damage.
The naga spits poison at you. The splash of poison hits you! You resist.
The naga constricts your ice beast.
Read which item? (? for menu, Esc to quit)
Blink to where?
Press: ? - help, Dir - move target cursor
As you read the scroll of blinking, it crumbles to dust.
You are very lightly contaminated with residual magic.
A naga, a naga mage and a guardian serpent come into view.
The guardian serpent shouts!
The naga spits poison at you. The splash of poison hits you! You resist.
The naga sharpshooter shoots a bolt.
The bolt hits you!
You die...

......N.NN.........#
.....N..N........
......N..........
...............)..
.....##.............
#.... ##...§...#
#... #..######
#...###..###
#...#@....###
#N.NS.........
#....######.. #...##
#..# #..# .... [. .


You could see a naga sharpshooter, a guardian serpent, a naga mage and 2 nagas.

Vanquished Creatures
  Kirke (Snake:3)
  Jorgrun (Snake:2)
  Azrael (D:14)
  2 vault guards (D:14)
  Fannar (Lair:8)
  A hydra (Lair:6)
  4 naga warriors (Snake:2)
  8 anacondas
  Nessos (D:14)
  3 ogre magi
  A tengu warrior (D:10)
  A centaur warrior (D:15)
  3 naga sharpshooters
  6 death yaks
  A shock serpent (Snake:2)
  Erolcha (D:13)
  A catoblepas (D:14)
  A salamander mystic (Snake:2)
  A fire crab (shapeshifter) (D:15)
  2 wizards
  6 naga ritualists
  2 swamp dragons (Snake:1)
  An orc knight (D:14)
  8 hill giants
  A deep elf conjurer (D:15)
  8 mana vipers
  3 salamanders
  3 griffons
  10 ugly things
  2 cyclopes (D:15)
  18 black mambas
  2 orc sorcerers
  Joseph (D:7)
  4 elephants
  7 naga magi
  2 torpor snails
  4 spiny frogs
  2 fire drakes
  3 yaktaurs (D:15)
  3 centaur skeletons (D:14)
  3 komodo dragons
  7 polar bears
  5 trolls
  A harpy zombie (D:14)
  3 tengu conjurers (D:15)
  3 ravens (D:15)
  A catoblepas zombie (D:14)
  4 slime creatures
  3 blink frogs
  10 two-headed ogres
  The ghost of Thrillho the Slicer, an average KoBe of Trog (D:5)
  2 basilisks
  4 wyverns
  A spriggan (Lair:8)
  2 fire elementals (D:14)
  A hog (Snake:3)
  2 hungry ghosts
  42 yaks
  7 hippogriffs
  12 nagas
  A deep elf fighter (D:11)
  7 wargs
  15 water moccasins
  Menkaure (D:7)
  10 vampire mosquitoes
  3 swamp worms (Snake:1)
  A mottled dragon (D:12)
  5 hell hounds
  15 wolves
  2 soldier ants
  7 porcupines
  2 wasps
  2 swamp drakes (Snake:1)
  3 ice beasts
  14 orc warriors
  9 black bears
  19 ogres
  3 phantoms
  2 sky beasts (D:10)
  11 crocodiles
  13 centaurs
  A necrophage (D:11)
  Sigmund (D:6)
  3 big kobolds
  12 giant frogs
  5 scorpions
  4 killer bees
  A wyvern skeleton (D:14)
  9 wights
  A yak zombie (D:11)
  An electric eel (Lair:1)
  7 crimson imps
  A goliath beetle (D:8)
  13 two-headed ogre zombies (Orc:4)
  2 giant frog zombies
  15 hounds
  2 centaur zombies
  5 jellies
  11 orc priests
  22 orc wizards
  10 iguanas
  13 worker ants
  12 sheep
  2 hound zombies
  2 mummies (D:8)
  48 river rats
  2 worker ant zombies
  19 adders
  5 gnolls
  5 shadow imps
  2 worms
  An adder zombie (D:6)
  An iguana zombie (D:11)
  2 adder skeletons (D:7)
  6 giant geckos
  An ooze (D:3)
  111 orcs
  3 ball pythons
  2 bat zombies (D:11)
  17 goblins
  26 hobgoblins
  11 jackals
  23 kobolds
  7 quokkas
  19 bats
  3 giant cockroaches
  5 giant newts
  A giant spore (D:11)
  A quokka skeleton (D:4)
  A quokka zombie (D:5)
  20 rats
  6 ballistomycetes
  A fungus (D:11)
  2 plants
896 creatures vanquished.

Vanquished Creatures (collateral kills)
  Nikola (Snake:2)
  Agnes (Snake:1)
  A vault guard (D:14)
  9 hydras
  5 death yaks
  An orc knight (D:14)
  2 hill giants
  The ghost of wojtek the Slicer, an experienced KoAs of Makhleb (D:8)
  2 griffons
  A mana viper (Snake:2)
  2 elephants (Lair:3)
  3 ugly things
  Maurice (D:8)
  A manticore (Lair:3)
  5 black mambas
  10 spiny frogs
  4 komodo dragons
  A yaktaur (D:14)
  A raiju (Lair:8)
  A troll (D:9)
  4 polar bears
  8 blink frogs
  2 ravens (D:10)
  7 slime creatures
  2 basilisks
  2 humans (D:14)
  A hog (Snake:3)
  14 yaks
  Grum (D:8)
  2 wolves
  2 hippogriffs
  A vampire mosquito (D:14)
  A warg (Lair:8)
  A mottled dragon (D:14)
  3 nagas
  An orc warrior (D:7)
  4 hell hounds (Lair:8)
  2 ice beasts
  A sky beast (D:8)
  5 black bears
  2 swamp drakes (Snake:1)
  13 water moccasins
  3 porcupines
  2 crocodiles
  5 giant frogs
  A big kobold (D:11)
  4 killer bees
  2 scorpions
  3 electric eels
  4 wights (D:6)
  A crimson imp (D:4)
  4 hounds
  4 jellies
  2 orc wizards
  An iguana (D:3)
  3 gnolls (D:5)
  13 river rats
  6 adders
  A worm (D:2)
  A giant gecko (D:1)
  11 orcs
  A bat (D:1)
  A hobgoblin (D:6)
  3 jackals
  2 kobolds
  A quokka (D:10)
  A ball python (D:1)
  A giant newt (D:4)
  A giant spore (D:15)
  2 goblins
  3 rats
  2 plants (Lair:7)
221 creatures vanquished.

Vanquished Creatures (others)
  A tengu warrior (D:15)
  2 yaktaurs (D:15)
  A raven (D:15)
  3 humans (Snake:3)
  25 wolves
  9 wargs
  A naga (Snake:2)
  A water moccasin (Snake:1)
  78 ice beasts
  A wyvern skeleton (D:15)
  3 crimson imps (D:6)
  An iron imp (D:5)
  16 hounds
  A two-headed ogre zombie (Orc:4)
  A shadow imp (D:5)
  5 white imps
  2 bats (D:1)
  A giant spore (D:14)
  A quokka (D:1)
  2 rats (D:1)
  23 fungi
  12 plants
190 creatures vanquished.

Grand Total: 1307 creatures vanquished

Notes
Turn   | Place    | Note
--------------------------------------------------------------
     0 | D:1      | PolkaDot, the Vampire Summoner, began the quest for the Orb.
     0 | D:1      | Reached XP level 1. HP: 13/13 MP: 3/3
   227 | D:1      | Reached skill level 1 in Fighting
   431 | D:1      | Reached XP level 2. HP: 4/21 MP: 0/4
   543 | D:1      | Learned a level 2 spell: Call Imp
  1218 | D:2      | Reached XP level 3. HP: 27/27 MP: 6/6
  1773 | D:2      | Noticed a phantom
  1790 | D:2      | Learned a level 3 spell: Call Canine Familiar
  1832 | D:2      | Killed a phantom
  1832 | D:2      | Reached skill level 1 in Short Blades
  1832 | D:2      | Reached XP level 4. HP: 20/34 MP: 2/7
  3113 | D:3      | Reached XP level 5. HP: 41/41 MP: 0/9
  3784 | D:3      | Reached skill level 5 in Stealth
  3933 | D:4      | HP: 1/42 [poisoned by an orc]
  4014 | D:4      | Reached XP level 6. HP: 19/48 MP: 10/10
  4338 | D:4      | Reached skill level 1 in Polearms
  5609 | D:5      | Entered Level 5 of the Dungeon
  5695 | D:6      | Found a deep blue altar of Sif Muna.
  5705 | D:6      | Became a worshipper of Sif Muna the Loreminder
  5734 | D:6      | Found a staircase to the Ecumenical Temple.
  5739 | D:6      | Reached skill level 5 in Fighting
  5739 | D:6      | Reached XP level 7. HP: 48/56 MP: 1/12
  5769 | D:5      | Found a burning altar of Makhleb.
  6224 | D:5      | Noticed Thrillho's ghost (average KoBe)
  6236 | D:5      | Killed Thrillho's ghost
  6236 | D:5      | Reached skill level 6 in Fighting
  6374 | D:5      | Reached skill level 5 in Summonings
  6374 | D:5      | Reached XP level 8. HP: 64/64 MP: 7/13
  6380 | D:5      | Learned a level 4 spell: Summon Ice Beast
  6531 | D:5      | Reached skill level 1 in Ice Magic
  7073 | D:6      | Found a bloodstained altar of Trog.
  7158 | D:6      | Found Esaex's Distillery.
  7319 | D:6      | Acquired Sif Muna's first power
  7320 | D:6      | Reached skill level 1 in Staves
  7370 | D:6      | Noticed Sigmund
  7391 | D:6      | Killed Sigmund
  7606 | D:6      | Found a glowing golden altar of the Shining One.
  7956 | D:6      | Reached XP level 9. HP: 57/69 MP: 14/14
  8131 | D:7      | Found a radiant altar of Vehumet.
  8425 | D:7      | Noticed Joseph
  8447 | D:7      | Killed Joseph
  8447 | D:7      | Acquired Sif Muna's second power
  8447 | D:7      | Reached skill level 5 in Ice Magic
  8642 | D:7      | Found a stormy altar of Qazlal.
  8719 | D:7      | Reached skill level 7 in Summonings
  8728 | D:7      | Reached skill level 5 in Staves
  8823 | D:7      | Noticed Menkaure
  8834 | D:7      | Killed Menkaure
  8834 | D:7      | Reached skill level 1 in Armour
  8962 | D:8      | Noticed wojtek's ghost (experienced KoAs)
  9008 | D:8      | Killed wojtek's ghost
  9218 | D:8      | Reached XP level 10. HP: 74/76 MP: 16/16
  9456 | D:8      | Noticed Maurice
  9496 | D:8      | Killed Maurice
  9636 | D:8      | Found Psetheh's Jewellery Boutique.
  9784 | D:8      | Noticed an ice statue
 10829 | D:8      | Noticed Grum
 10899 | D:8      | Killed Grum
 11559 | D:9      | Found a white marble altar of Elyvilon.
 11727 | D:9      | Found a staircase to the Orcish Mines.
 11787 | D:9      | Reached skill level 8 in Summonings
 11982 | D:9      | Learned a level 1 spell: Apportation
 11985 | D:9      | Learned a level 2 spell: Blink
 12289 | D:9      | Found a stormy altar of Qazlal.
 12289 | D:9      | Found a basalt altar of Yredelemnul.
 12454 | D:10     | Entered Level 10 of the Dungeon
 12708 | D:10     | Noticed a hill giant
 13007 | D:10     | Killed a hill giant
 13022 | D:10     | Noticed a hill giant
 13038 | D:10     | Killed a hill giant
 13170 | D:10     | Reached XP level 11. HP: 57/81 MP: 17/17
 13204 | D:10     | Noticed a tengu warrior
 13240 | D:10     | Killed a tengu warrior
 13370 | D:10     | Found a blossoming altar of Fedhas.
 13404 | D:10     | Noticed an oklob plant
 13856 | D:11     | Found Nicveona's Armour Shoppe.
 13861 | D:11     | Noticed a hill giant
 13869 | D:11     | Bought a +2 helmet of intelligence for 236 gold pieces
 13896 | D:11     | Killed a hill giant
 14074 | D:11     | Reached skill level 9 in Summonings
 14211 | D:11     | Gained mutation: You are agile. (Dex +2) [potion of beneficial mutation]
 14347 | D:11     | Found a staircase to the Lair.
 14416 | Lair:1   | Entered Level 1 of the Lair of Beasts
 15029 | Lair:1   | Reached skill level 1 in Translocations
 15413 | Lair:1   | Learned a level 2 spell: Repel Missiles
 16713 | Lair:2   | Acquired Sif Muna's third power
 16925 | Lair:2   | You fall through a shaft!
 17118 | Lair:3   | Reached skill level 10 in Summonings
 17129 | Lair:3   | Upgraded the game from 0.16-a0-3465-g53c7d0b to 0.16-a0-3472-g5ce0ac0
 17141 | Lair:3   | Reached skill level 10 in Staves
 17148 | Lair:3   | Reached XP level 12. HP: 51/88 MP: 18/18
 17505 | Lair:3   | Noticed a six-headed hydra
 17515 | Lair:3   | Killed a six-headed hydra
 17935 | Lair:3   | Found a staircase to the Shoals.
 18107 | Lair:3   | Noticed a seven-headed hydra
 18156 | Lair:3   | Killed a seven-headed hydra
 18617 | Lair:2   | Noticed a four-headed hydra
 18629 | Lair:2   | Killed a four-headed hydra
 18714 | Lair:2   | Reached skill level 11 in Staves
 19677 | Lair:4   | Reached skill level 5 in Translocations
 21091 | Lair:5   | Reached skill level 1 in Charms
 21476 | Lair:6   | Found a bloodstained altar of Trog.
 21539 | Lair:6   | Found a staircase to the Snake Pit.
 21641 | Lair:6   | Noticed a five-headed hydra
 21652 | Lair:6   | Killed a five-headed hydra
 21652 | Lair:6   | Reached XP level 13. HP: 93/93 MP: 4/19
 21704 | Lair:6   | Received a gift from Sif Muna
 21723 | Lair:6   | Identified Sif Muna's Guide on Calling {god gift} (Sif Muna gifted it to you on level 6 of the Lair of Beasts)
 22004 | Lair:6   | Noticed a six-headed hydra
 22042 | Lair:6   | Killed a six-headed hydra
 22844 | Lair:7   | Reached skill level 12 in Staves
 24445 | Lair:8   | Entered Level 8 of the Lair of Beasts
 24458 | Lair:8   | Got a bloodstained rapier
 24459 | Lair:8   | Identified the +11 rapier of Devotion {freeze, +Fly rElec Int+4} (You found it on level 8 of the Lair of Beasts)
 24557 | Lair:8   | Got a polished falchion
 24558 | Lair:8   | Identified the +0 falchion of Fear {pain, rPois MR+} (You found it on level 8 of the Lair of Beasts)
 24581 | Lair:8   | Noticed Fannar
 24582 | Lair:8   | Identified 2 scrolls of acquirement
 24657 | Lair:8   | Killed Fannar
 24693 | Lair:8   | Found a staircase to the Slime Pits.
 25100 | Lair:8   | Reached skill level 5 in Charms
 25496 | Lair:8   | Received a gift from Sif Muna
 25519 | Lair:8   | Identified Sif Muna's Grimoire of Supportive Augmentations {god gift} (Sif Muna gifted it to you on level 8 of the Lair of Beasts)
 25639 | Lair:8   | Reached skill level 1 in Air Magic
 25876 | Lair:8   | Reached skill level 13 in Staves
 25915 | Lair:8   | Reached XP level 14. HP: 67/100 MP: 20/20
 26259 | Lair:8   | Learned a level 5 spell: Shadow Creatures
 26511 | D:12     | Found Ziophax's Weapon Emporium.
 27823 | D:13     | Noticed Erolcha
 27835 | D:13     | Killed Erolcha
 28337 | D:14     | Noticed Azrael
 28380 | D:14     | Noticed Nessos
 28386 | D:14     | Killed Nessos
 28503 | D:14     | Paralysed by a wizard for 5 turns
 28615 | D:14     | Found a gate to the Vaults.
 28726 | D:14     | Killed Azrael
 29436 | D:15     | Entered Level 15 of the Dungeon
 29500 | D:15     | Received a gift from Sif Muna
 29501 | D:15     | Identified Litaruer's Grimoire of Quantum Calling {god gift} (Sif Muna gifted it to you on level 15 of the Dungeon)
 29517 | D:15     | Reached skill level 5 in Air Magic
 29721 | D:15     | Found a sparkling altar of Nemelex Xobeh.
 30624 | D:15     | Reached XP level 15. HP: 105/105 MP: 21/21
 30786 | D:15     | Found a staircase to the Depths.
 30816 | D:15     | Reached skill level 5 in Dodging
 30831 | D:15     | Learned a level 1 spell: Summon Butterflies
 31224 | Orc:1    | Entered Level 1 of the Orcish Mines
 32028 | Orc:3    | Found a staircase to the Elven Halls.
 32075 | Orc:4    | Entered Level 4 of the Orcish Mines
 33476 | Snake:1  | Entered Level 1 of the Snake Pit
 33505 | Snake:1  | Noticed Agnes
 33780 | Lair:6   | Lost mutation: You are agile. (Dex +2) [potion of cure mutation]
 33781 | Lair:6   | Gained mutation: Your mind is acute. (Int +2) [potion of mutation]
 33781 | Lair:6   | Gained mutation: You have large cloven feet. [potion of mutation]
 33795 | Snake:1  | Killed Agnes
 34147 | Snake:1  | Received a gift from Sif Muna
 34148 | Snake:1  | Identified Sif Muna's Guide on Quantum Self-Improvement {god gift} (Sif Muna gifted it to you on level 1 of the Snake Pit)
 35401 | Snake:1  | Learned a level 4 spell: Control Teleport
 35585 | Snake:2  | Reached skill level 14 in Summonings
 35605 | Snake:2  | Noticed Jorgrun
 35692 | Snake:2  | Killed Jorgrun
 36764 | Snake:2  | Noticed Nikola
 36976 | Snake:2  | Reached XP level 16. HP: 62/120 MP: 25/25
 37523 | Snake:2  | Killed Nikola
 37629 | Snake:3  | Reached skill level 10 in Fighting
 37677 | Snake:3  | Noticed Roxanne
 37677 | Snake:3  | Noticed Kirke
 37701 | Snake:3  | Killed Kirke
 37853 | Snake:3  | Received a gift from Sif Muna
 37931 | Snake:3  | HP: 5/122 [naga warrior/spear (19)]
 37931 | Snake:3  | HP: 1/122 [naga warrior/spear (4)]
 37935 | Snake:3  | Shot with a bolt by a naga sharpshooter

Action                   |  1- 3 |  4- 6 |  7- 9 | 10-12 | 13-15 | 16-18 || total
-------------------------+-------+-------+-------+-------+-------+-------++-------
Melee: Unarmed           |    28 |       |       |       |       |       ||    28
       Short sword       |    99 |   131 |       |       |       |       ||   230
       Trident           |       |   111 |   395 |  1073 |   447 |       ||  2026
       Lajatang          |       |       |    44 |       |  2147 |   149 ||  2340
 Cast: Summon Small Mamm |    13 |       |       |       |       |       ||    13
       Call Imp          |     3 |    22 |    29 |     3 |       |       ||    57
       Call Canine Famil |     1 |     8 |    17 |    35 |    28 |     1 ||    90
       Summon Ice Beast  |       |       |     6 |   134 |   112 |     6 ||   258
       Repel Missiles    |       |       |       |     1 |     2 |       ||     3
       Blink             |       |       |       |     4 |     5 |     1 ||    10
       Shadow Creatures  |       |       |       |       |     3 |     5 ||     8
       Control Teleport  |       |       |       |       |     1 |       ||     1
Invok: Channel Energy    |       |       |    12 |   621 |   134 |    15 ||   782
 Abil: End Transformatio |       |     1 |       |     2 |     3 |       ||     6
       Bat Form          |       |     1 |       |     2 |     3 |       ||     6
       Evoke Invisibilit |       |       |       |       |     3 |     1 ||     4
Evoke: Wand              |       |       |     2 |    14 |     7 |       ||    23
  Use: Potion            |     3 |     7 |    29 |    46 |    30 |     2 ||   117
       Scroll            |       |    13 |     8 |    20 |    24 |     1 ||    66
 Stab: Sleeping          |     3 |     6 |    15 |    34 |    31 |     1 ||    90
       Distracted        |     1 |     1 |     8 |    14 |    10 |       ||    34
       Invisible         |       |       |       |       |    20 |       ||    20
  Eat: Corpse            |     8 |     1 |       |    16 |    20 |     1 ||    46
